Map: Dreamcatcher LE

Players

Colttarren - Winner!

  • Race: Protoss Protoss
  • League: Diamond
  • Spawn Location: 5:00

Jibz

  • Race: Zerg Zerg
  • League: Diamond
  • Spawn Location: 11:00

VOD

Have the link to the VOD?

Description

Time

  • Played on: Oct. 6, 2018, 12:36 p.m.
  • Length: 10:48
Show
View Real Time Build Order
Export as new Build Order

Colttarren Protoss - Winner!

Build Orders: 1 Gate Expand 

Get SALT Encoding   

  12  0:01  Probe  
  13  0:13  Probe  
  14  0:19  Pylon  
  14  0:25  Probe  
  15  0:35  Probe  
  15  0:37  Gateway  
  16  0:44  Probe  
  17  0:55  Probe  
  18  0:58  Assimilator  
  18  1:07  Probe  
  19  1:19  Probe  
  19  1:25  Cybernetics Core  
  21  1:38  Nexus  
  20  1:44  Probe  
  21  1:48  Pylon  
  21  1:54  Assimilator, Adept  
  23  2:14  Gateway  
  23  2:22  Twilight Council  
  22  2:31  Adept  
  22  2:34  Warp Gate  
  24  2:38  Probe, Charge  
  25  2:50  Probe  
  26  2:53  Probe  
  26  2:54  Adept  
  29  3:06  Probe  
  29  3:09  Probe  
  31  3:23  Adept  
  31  3:26  Adept  
  31  3:27  Probe  
  36  3:38  Probe  
  36  3:39  Probe  
  38  3:45  Robotics Facility  
  38  3:55  Shield Battery  
  38  4:02  Gateway  
  38  4:11  Probe  
  38  4:12  Probe  
  36  4:17  Gateway  
  36  4:21  Gateway  
  36  4:26  Probe x2  
  38  4:33  Pylon  
  38  4:38  Probe x2  
  38  4:39  Sentry  
  38  4:40  Sentry  
  44  4:46  Probe x2  
  46  4:53  Warp Prism  
  46  4:55  Probe  
  46  4:56  Probe  
  50  5:02  Pylon  
  50  5:07  Pylon  
  50  5:11  Sentry x2  
  54  5:23  Zealot x3  
  60  5:30  Pylon  
  60  5:31  Pylon  
  60  5:43  Resonating Glaives  
  60  5:50  Probe x2  
  60  5:54  Immortal  
  66  5:57  Zealot x4  
  70  6:30  Immortal  
  70  6:32  Zealot x5  
  69  6:57  Adept x4  
  69  6:58  Adept  
  77  7:11  Immortal  
  81  7:17  Zealot x2  
  85  7:25  Gateway  
  85  7:33  Templar Archives  
  85  7:56  Pylon x2  
  85  7:58  Pylon x2  
  85  7:59  Immortal  
  85  8:01  Pylon  
  67  8:08  Adept x4  
  75  8:29  Nexus  
  75  8:31  Pylon  
  75  8:33  High Templar  
  75  8:34  High Templar  
  79  8:35  Assimilator  
  79  8:36  Assimilator  
  79  8:38  Archon, Warp Prism  
  79  8:39  Adept  
  83  8:55  Stalker x2  
  87  9:03  Shield Battery  
  87  9:05  Shield Battery  
  87  9:14  Warp Prism  
  89  9:26  Zealot x5  
  99  9:50  Zealot x3  
  99  9:51  Zealot x2  
  109  10:14  Gateway  
  109  10:17  Gateway  
  109  10:18  Adept x3  
  115  10:24  Zealot  
  101  10:38  Zealot x4  
Show
View Real Time Build Order
Export as new Build Order

Jibz Zerg 

Build Orders: Hatch First 

Get SALT Encoding   

  12  0:02  Drone  
  13  0:12  Overlord  
  13  0:17  Drone  
  14  0:30  Drone x2  
  16  0:54  Drone  
  16  0:56  Drone x2  
  19  1:06  Hatchery  
  19  1:10  Extractor  
  17  1:18  Spawning Pool  
  16  1:20  Drone  
  16  1:22  Drone  
  18  1:34  Drone  
  18  1:39  Overlord  
  19  1:50  Drone  
  20  2:05  Zergling x2  
  21  2:18  Hatchery  
  21  2:19  Queen  
  22  2:23  Lair  
  22  2:26  Zergling x2  
  23  2:30  Zergling x2  
  23  2:34  Drone  
  25  2:38  Drone  
  25  2:42  Extractor  
  25  2:46  Drone  
  25  2:47  Drone  
  25  2:50  Drone  
  28  2:54  Drone  
  29  2:59  Drone  
  29  3:04  Drone  
  31  3:08  Overlord  
  31  3:13  Drone  
  31  3:17  Drone  
  32  3:23  Zergling x2  
  33  3:27  Queen  
  33  3:31  Zergling x2  
  36  3:36  Zergling x4  
  36  3:38  Zergling x2  
  39  3:42  Zergling x2  
  40  3:49  Hydralisk Den  
  40  3:51  Metabolic Boost  
  40  3:55  Drone  
  40  3:57  Drone  
  38  4:12  Drone x3  
  38  4:15  Drone x3  
  43  4:21  Drone  
  44  4:25  Muscular Augments  
  44  4:28  Drone  
  45  4:31  Drone  
  45  4:36  Drone x2  
  48  4:39  Drone  
  48  4:43  Overlord  
  49  4:48  Overlord  
  49  5:02  Hydralisk  
  49  5:03  Hydralisk x3  
  57  5:09  Hydralisk  
  57  5:11  Hydralisk  
  57  5:14  Hydralisk  
  61  5:17  Hydralisk  
  65  5:26  Overlord x2  
  65  5:40  Spore Crawler, Queen  
  65  5:42  Spore Crawler, Overseer  
  65  5:44  Pneumatized Carapace  
  65  5:48  Hydralisk x2  
  69  5:52  Hydralisk  
  71  5:57  Hydralisk  
  71  6:03  Zergling x6  
  71  6:04  Zergling x2  
  74  6:27  Zergling x16  
  82  6:44  Overlord x2  
  82  6:47  Baneling Nest  
  56  7:18  Zergling x14  
  56  7:19  Zergling x16  
  67  7:34  Baneling x6  
  67  7:35  Hydralisk, Baneling x2  
  67  7:36  Hydralisk x2  
  73  7:39  Baneling  
  73  7:40  Baneling  
  73  7:41  Hydralisk x2  
  77  7:47  Baneling x2  
  77  7:50  Zergling x2  
  61  8:06  Zergling x2  
  61  8:07  Zergling x12  
  67  8:20  Evolution Chamber  
  67  8:22  Hatchery, Drone x2  
  67  8:36  Drone x2  
  69  8:41  Extractor  
  69  8:44  Baneling  
  69  8:45  Baneling x3  
  69  8:46  Baneling  
  69  8:47  Baneling x3  
  69  8:48  Hatchery  
  67  8:49  Centrifical Hooks  
  67  9:05  Drone  
  67  9:06  Drone x3  
  67  9:08  Drone x2  
  67  9:09  Drone x2  
  75  9:16  Drone x2  
  77  9:22  Drone x2  
  77  9:23  Drone x3  
  82  9:28  Drone  
  82  9:29  Hatchery  
  82  9:30  Drone  
  83  9:34  Overlord  
  83  9:36  Overlord  
  83  10:09  Hydralisk  
  83  10:10  Hydralisk x6  
  97  10:25  Extractor  
Tags
 
Add a new tag
Caveats
  • Supply blocks, unpowered buildings, or Contaminate may cause inaccurate times.
  • Supply counts are checked every 10 seconds.